 Dungeon Crawl Stone Soup version 0.27.1 (webtiles) character file.

Game seed: 5967680458555318658

42 ZARRMARR the Cudgeller (level 3, -6/49 HPs)
             Began as a Minotaur Berserker on Aug 26, 2021.
             Was a Believer of Trog.
             Mangled by Crazy Yiuf (14 damage)
             ... on level 2 of the Dungeon.
             The game lasted 00:04:35 (1628 turns).

ZARRMARR the Cudgeller (Minotaur Berserker)         Turns: 1628, Time: 00:04:35

Health: -6/49      AC:  5    Str: 22    XL:     3   Next: 33%
Magic:  2/2        EV: 11    Int:  4    God:    Trog [**....]
Gold:   44         SH:  0    Dex:  9    Spells: 2/2 levels left

rFire    . . .     SeeInvis .   a - +0 mace
rCold    . . .     Faith    .   (no shield)
rNeg     . . .     Spirit   .   e - +0 ring mail
rPois    .         Reflect  .   (helmet restricted)
rElec    .         Harm     .   (no cloak)
rCorr    .         Rampage  .   (no gloves)
Will     .....                  (no boots)
Stlth    ..........             (no amulet)
HPRegen  0.16/turn              (no ring)
MPRegen  0.08/turn              (no ring)

@: confused, berserking, lethally poisoned (-6 -> -29), very quick
A: horns 2, retaliatory headbutt
a: Renounce Religion, Berserk, Trog's Hand


You were on level 2 of the Dungeon.
You worshipped Trog.
Trog was pleased with you.
You visited 1 branch of the dungeon, and saw 2 of its levels.

You collected 44 gold pieces.

Inventory:

Hand Weapons
 a - a +0 mace (weapon)
Missiles
 f - 18 poisoned darts (quivered)
Armour
 e - a +0 ring mail (worn)
Scrolls
 d - 2 scrolls of identify {unknown}
 g - a scroll of acquirement {unknown}
 h - a scroll of amnesia {unknown}
 i - a scroll of teleportation {unknown}
Potions
 b - a potion of might {unknown}
 c - a potion of lignification {unknown}


   Skills:
 + Level 4.1 Fighting
 + Level 4.4 Maces & Flails
 + Level 3.0 Armour
 + Level 2.5 Dodging


You had 2 spell levels left.
You didn't know any spells.
Your spell library was empty.

Dungeon Overview and Level Annotations

Branches:
Dungeon (2/15)

Altars:

Annotations:
D:2 Crazy Yiuf


Innate Abilities, Weirdness & Mutations

You have a pair of horns on your head.
You reflexively headbutt those who attack you in melee.


Message History

There is an open door here.
Found 16 arrows.
Found a scroll labelled RIACSO SAISM.
i - a scroll labelled RIACSO SAISM
Found a stone staircase leading down.
You open the door.
Found an escape hatch in the floor.
There is an open door here.
You open the door.
There is an open door here.
There is an open door here.
There is an open door here.
You see here 20 sling bullets.
You see here a +0 mace.
Crazy Yiuf shouts!
Could not explore, unopened runed door.
A red film seems to cover your vision as you go berserk!
You feel yourself moving faster!
You feel mighty!
The door flies open with a bang!
You feel a strong urge to attack something.
You completely miss Crazy Yiuf.
Crazy Yiuf hits you with a +4 quarterstaff of chaos!
You sock Crazy Yiuf!
Crazy Yiuf is heavily wounded.
You closely miss Crazy Yiuf.
Crazy Yiuf is heavily wounded.
Crazy Yiuf hits you with a +4 quarterstaff of chaos!
You are confused.
You closely miss Crazy Yiuf.
Crazy Yiuf is heavily wounded.
Crazy Yiuf laughs, "Cards!
Goldfish Hive pizzabubble."
Crazy Yiuf hits you with a +4 quarterstaff of chaos!
* * * LOW HITPOINT WARNING * * *
You are lethally poisoned!
You hit Crazy Yiuf.
Crazy Yiuf is severely wounded.
* * * LOW HITPOINT WARNING * * *
You feel very sick.
Crazy Yiuf hits you with a +4 quarterstaff of chaos!
You die...

...................####.##..#
............................#
.......................>..#.#
........#################.#.#
+#..###.# #.#.# ..#.##..#
#.#.# ....##..##♣♣ ### #.#.#
.......)+..♣ ♣♣#..)# #.#.#
...#.#.....♣♣♣♣♣@g...# #.#.#
...#.).......♣..♣#...# ##.#.#
.#.#..<.+)..♣.♣♣♣ ### #....#
.#.#....##♣♣♣♣♣ #....#
.#.#....# #....#
.#.##...########
#######....#####
.#.............#
#...............
.#####..########
########'####### .#####..#
#.#######


You could see Crazy Yiuf.

Vanquished Creatures
  A worm (D:2)
  2 endoplasms
  A goblin (D:1)
  7 hobgoblins
  5 jackals
  2 quokkas (D:1)
  5 ball pythons
  3 bats (D:1)
  A frilled lizard (D:1)
  4 kobolds
  3 rats (D:1)
34 creatures vanquished.

Notes
Turn   | Place    | Note
-------+----------+-------------------------------------------
     0 | D:1      | ZARRMARR the Minotaur Berserker began the quest for the
                  | Orb.
     0 | D:1      | Reached XP level 1. HP: 19/19 MP: 0/0
   107 | D:1      | Reached XP level 2. HP: 27/27 MP: 1/1
   725 | D:1      | Found a faded altar of an unknown god.
   768 | D:2      | Reached XP level 3. HP: 33/33 MP: 2/2
   940 | D:2      | Reached ** piety under Trog
  1235 | D:2      | Found a runed translucent door.
  1236 | D:2      | Noticed Crazy Yiuf
  1628 | D:2      | Mangled by Crazy Yiuf

Illustrated notes

Levels and vault maps discovered:
D:1:      minmay_arrival_nine_rooms, layout_basic, basic_ecumenical_altar
D:2:      layout_basic, uniq_crazy_yiuf_cottage

Skill      XL: |  1  2  3 |
---------------+----------+-----
Maces & Flails | 4 |  4.4
Fighting       | 4 |  4.1
Armour         | 3 |  3.0
Dodging        | |  2.5

Action                   || total
-------------------------++-------
Melee: Mace              ||    76
       Headbutt          ||     5
Invok: Berserk           ||     2
Armor: Ring mail         ||    34
       Animal skin       ||     1
Dodge: Dodged            ||    45
